 Dungeon Crawl Stone Soup version 0.32-a0-705-g60f233581c (webtiles) character file.

Game seed: 1829414620559008655

1413454 MrSquiggles the Slayer (level 27, 231/231 HPs)
             Began as a Human Summoner on Mar 10, 2024.
             Was a High Priest of Nemelex Xobeh.
             Escaped with the Orb
             ... and 3 runes on Mar 14, 2024!
             The game lasted 07:43:52 (105362 turns).

MrSquiggles the Slayer (Human Summoner)           Turns: 105362, Time: 07:43:53

Health: 231/231    AC: 16    Str: 15      XL:     27
Magic:  57/57      EV: 24    Int: 26 (28) God:    Nemelex Xobeh [*****.]
Gold:   5112       SH:  7    Dex: 11 (12) Spells: 6/69 levels left

rFire   + + +        a - +10 morningstar "Eos" {elec, Halo rElec}
rCold   + + .        K - +3 buckler {rC+ rF+}
rNeg    + + +        f - +2 robe {rC+ rF+}
rPois   +            Q - +2 hat {SInv}
rElec   +            B - +2 cloak {Will+}
rCorr   .            I - +3 pair of gauntlets of War {Slay+5}
SInv    +            p - +2 pair of boots {Fly}
Will    +++++        F - amulet of the Four Winds {rN+ Will+++ Clar}
Stlth   +            e - ring of Ahuaxtisch {+Blink rPois Will+ MP+9 Int+2 Slay+2, =R}
HPRegen 0.58/turn    i - ring of False Pretenses {rElec rN++ EV+5 Str+6 Dex-5}
MPRegen 0.35/turn

%: clarity
@: flying, hasted, glowing, studying 3 skills, very quick
A: explore regen, deterioration 1, fire resistance 1, mutation resistance 1
0: Orb of Zot
}: 3/15 runes: serpentine, barnacled, silver
a: Renounce Religion, Evoke Blink, Draw Escape, Draw Destruction, Draw
Summoning, Draw Stack, Triple Draw, Deal Four, Stack Five


You escaped.
You worshipped Nemelex Xobeh.
Nemelex Xobeh was extremely pleased with you.
You visited 13 branches of the dungeon, and saw 53 of its levels.
You visited 2 bazaars.
You visited 1 ziggurat, and saw 4 of its levels.
You also visited: Ossuary and Gauntlet.

You collected 11001 gold pieces.
You spent 5889 gold pieces at shops.

Inventory:

Hand Weapons
 a - the +10 morningstar "Eos" (weapon) {elec, Halo rElec}
   (You found it on level 3 of the Crypt)

   Halo:      It grants its wielder a halo, revealing invisible creatures and
   increasing accuracy against all within it other than the wielder.
   rElec:     It insulates you from electricity.
 b - the +7 Spriggan's Knife {stab, EV+4 Stlth+}
   (You found it on level 2 of the Crypt)

   Stab:      It is more effective when stabbing unaware enemies, sometimes
   treating them as though they were completely helpless.
   EV+4:      It affects your evasion (+4).
   Stlth+:    It makes you more stealthy.
Armour
 f - a +2 robe of resistance (worn)
 p - a +2 pair of boots of flying (worn)
 B - a +2 cloak of willpower (worn)
 I - the +3 pair of gauntlets of War (worn) {Slay+5}
   (You found it on level 5 of the Vaults)

   Slay+5:    It affects your accuracy & damage with ranged weapons and melee
   (+5).
 K - a +3 buckler of resistance (worn)
 Q - a +2 hat of see invisible (worn)
Jewellery
 e - the ring of Ahuaxtisch (left hand) {+Blink rPois Will+ MP+9 Int+2 Slay+2, =R}
   (You took it off a naga warrior on level 3 of the Snake Pit)

   [ring of willpower]

   Int+2:     It affects your intelligence (+2).
   Slay+2:    It affects your accuracy & damage with ranged weapons and melee
   (+2).
   rPois:     It protects you from poison.
   Will+:     It increases your willpower.
   MP+9:      It affects your magic capacity (+9).
   +Blink:    It lets you blink.
 i - the ring of False Pretenses (right hand) {rElec rN++ EV+5 Str+6 Dex-5}
   (You found it on level 3 of the Crypt)

   [ring of evasion]

   EV+5:      It affects your evasion (+5).
   Str+6:     It affects your strength (+6).
   Dex-5:     It affects your dexterity (-5).
   rElec:     It insulates you from electricity.
   rN++:      It greatly protects you from negative energy.
 r - a ring of poison resistance
 F - the amulet of the Four Winds (around neck) {rN+ Will+++ Clar}
   (You found it on level 3 of a ziggurat)

   [amulet of nothing]

   rN+:       It protects you from negative energy.
   Will+++:   It greatly increases your willpower.
   Clar:      It protects you from confusion, rage, mesmerisation and fear.
 W - an amulet of the acrobat
Wands
 v - a wand of mindburst (49)
 x - a wand of flame (50)
 C - a wand of digging (27)
 D - a wand of iceblast (34)
 T - a wand of acid (15)
 X - a wand of charming (22)
Scrolls
 h - 6 scrolls of poison
 k - 4 scrolls of enchant armour
 n - 9 scrolls of teleportation
 o - 4 scrolls of silence
 t - 4 scrolls of enchant weapon
 u - 2 scrolls of torment
 y - 10 scrolls of noise
 A - 5 scrolls of butterflies
 G - 7 scrolls of immolation
 O - 6 scrolls of fog
 S - 9 scrolls of blinking
 V - 8 scrolls of fear
 Y - 11 scrolls of vulnerability
Potions
 c - a potion of invisibility
 d - 5 potions of ambrosia
 j - 3 potions of brilliance
 l - 13 potions of enlightenment
 m - 9 potions of curing
 q - 8 potions of lignification
 s - 2 potions of magic
 w - a potion of resistance
 E - a potion of berserk rage
 J - 4 potions of attraction
 N - 3 potions of mutation
 R - 10 potions of cancellation
 U - 3 potions of might
 Z - 5 potions of heal wounds
Miscellaneous
 z - a phial of floods
 H - a phantom mirror
 L - a lightning rod (4/4)
 M - a condenser vane
 P - the horn of Geryon (inert)


   Skills:
 + Level 22.0 Fighting
 + Level 20.6 Dodging
 - Level 2.0 Stealth
 - Level 5.0 Shields
 + Level 21.7 Spellcasting
 - Level 13.4 Conjurations
 + Level 21.4 Summonings
 + Level 15.4 Necromancy
 - Level 4.9 Fire Magic
 - Level 5.0 Ice Magic
 - Level 4.9 Air Magic
 - Level 4.8 Earth Magic
 - Level 13.7 Invocations
 + Level 15.8 Evocations


You had 6 spell levels left.
You knew the following spells:

 Your Spells              Type           Power      Damage    Failure   Level
a - Bombard               Conj/Erth      33%        9d6       6%          6
b - Summon Mana Viper     Hex/Summ       71%        N/A       1%          5
c - Haunt                 Necr/Summ      45%        N/A       1%          7
d - Summon Horrible Thin  Summ           48%        N/A       1%          8
e - Summon Lightning Spi  Summ/Air       77%        N/A       1%          4
f - Borgnjor's Vile Clut  Necr/Erth      34%        N/A       1%          5
g - Magic Dart            Conj           100%       1d8       0%          1
h - Death Channel         Necr           41%        N/A       1%          6
i - Spellforged Servitor  Conj/Summ      43%        N/A       1%          7
k - Ozocubu's Armour      Ice            53%        N/A       1%          3
l - Summon Hydra          Summ           48%        N/A       1%          7
m - Martyr's Knell        Necr/Summ      90%        N/A       0%          4

Your spell library contained the following spells:

 Spells                   Type           Power      Damage    Failure   Level
 Necrotise                Necr           100%       1d9       0%          1
 Summon Small Mammal      Summ           100%       N/A       0%          1
 Call Imp                 Summ           100%       N/A       0%          2
 Searing Ray              Conj           100%       2d8       0%          2
 Sublimation of Blood     Necr           83%        N/A       0%          2
 Call Canine Familiar     Summ           96%        N/A       0%          3
 Fugue of the Fallen      Necr           83%        N/A       0%          3
 Vampiric Draining        Necr           83%        2d11      0%          3
 Foxfire                  Conj/Fire      100%       2x1d9     1%          1
 Shock                    Conj/Air       100%       1d9       1%          1
 Slow                     Hex            100%       N/A       1%          1
 Ensorcelled Hibernation  Hex/Ice        82%        N/A       1%          2
 Momentum Strike          Conj/Tloc      100%       3d10      1%          2
 Scorch                   Fire           100%       2d9       1%          2
 Dazzling Flash           Conj/Hex       100%       N/A       1%          3
 Frozen Ramparts          Ice            100%       1d16      1%          3
 Hailstorm                Conj/Ice       66%        3d12      1%          3
 Inner Flame              Hex/Fire       41%        N/A       1%          3
 Mephitic Cloud           Conj/Alch/Air  56%        N/A       1%          3
 Passwall                 Erth           52%        N/A       1%          3
 Swiftness                Air            52%        N/A       1%          3
 Volatile Blastmotes      Fire/Tloc      82%        2d16      1%          3
 Animate Dead             Necr           83%        N/A       1%          4
 Flame Wave               Conj/Fire      66%        2d15      1%          4
 Fulminant Prism          Conj/Alch      29%        3d14      1%          4
 Summon Blazeheart Golem  Fire/Summ      77%        N/A       1%          4
 Arcjolt                  Conj/Air       33%        1d43      1%          5
 Curse of Agony           Necr           83%        N/A       1%          5
 Iskenderun's Battlesphe  Conj           78%        2d13      1%          5
 Summon Forest            Summ/Tloc      35%        N/A       1%          5
 Summon Cactus Giant      Summ           48%        N/A       1%          6
 Blink                    Tloc           56%        N/A       2%          2
 Jinxbite                 Hex            56%        N/A       2%          2
 Lesser Beckoning         Tloc           56%        N/A       2%          2
 Airstrike                Air            26%        2d(4-20)  2%          4
 Irradiate                Conj/Alch      29%        3d21      3%          5
 Confusing Touch          Hex            28%        N/A       5%          3
 Gell's Gravitas          Tloc           28%        N/A       5%          3
 Sigil of Binding         Hex            28%        N/A       5%          3
 Teleport Other           Tloc           28%        N/A       5%          3
 Tukima's Dance           Hex            28%        N/A       5%          3
 Leda's Liquefaction      Alch/Erth      20%        N/A       6%          4
 Petrify                  Alch/Erth      40%        N/A       6%          4
 Sticky Flame             Fire/Alch      41%        2d8       6%          4
 Vhi's Electric Charge    Tloc/Air       82%        N/A       6%          4
 Lee's Rapid Deconstruct  Erth           26%        3d14*     7%          5
 Dimensional Bullseye     Hex/Tloc       14%        N/A       17%         4
 Manifold Assault         Tloc           28%        N/A       17%         4
 Passage of Golubria      Tloc           28%        N/A       17%         4
 Metabolic Englaciation   Hex/Ice        20%        N/A       17%         5
 Silence                  Hex/Air        20%        N/A       19%         5
 Yara's Violent Unravell  Hex/Alch       14%        3d7       43%         5
 Sculpt Simulacrum        Ice/Alch       20%        N/A       67%         6
 Dispersal                Tloc           14%        N/A       95%         6
 Malign Gateway           Summ/Tloc      35%        N/A       19%         7
 Borgnjor's Revivificati  Necr           41%        N/A       21%         8
 Infestation              Necr           41%        N/A       21%         8
 Ozocubu's Refrigeration  Ice            26%        4d13      88%         7
 Lehudib's Crystal Spear  Conj/Erth      33%        10d8      95%         8
 Death's Door             Necr           41%        N/A       97%         9
 Enfeeble                 Hex            14%        N/A       100%        7
 Disjunction              Tloc           14%        N/A       100%        8
 Ignition                 Fire           26%        3d9       100%        8
 Maxwell's Capacitive Co  Air            26%        ∞         100%        8
 Polar Vortex             Ice            26%        12d3*     100%        9


Dungeon Overview and Level Annotations

Branches:
Dungeon (15/15)            Temple (0/1) D:5            Lair (5/5) D:9
 Shoals (4/4) Lair:2        Snake (4/4) Lair:3        Slime (0/5) Lair:5
    Orc (2/2) D:11            Elf (3/3) Orc:2        Vaults (5/5) D:13
  Crypt (3/3) Vaults:2       Tomb (1/3) Crypt:3      Depths (4/4) D:15
   Hell (visited)             Coc (1/7) Hell            Zot (5/5) Depths:4
Ossuary (visited)         Gauntlet (visited)
    Dis: Hell:1         Geh: Hell:1         Tar: Hell:1

Altars:
Ashenzari
Dithmenos
Hepliaklqana
Kikubaaqudgha
Nemelex Xobeh
Qazlal
Ru
Uskayaw
Vehumet
Wu Jian
Yredelemnul
Zin
Beogh
Jiyva

Shops:
D:5 *   D:11 :   Orc:1 =   Orc:2 [[**   Elf:1 ::(?   Elf:3 :   Snake:1 :
Snake:4 (   Vaults:3 :   Depths:3 ==:

Portals:
Hell: Depths:1 Depths:2 Depths:3 Depths:4
Abyss: Depths:1 Depths:2 Depths:3
Pandemonium: Depths:2 Depths:3
Trove: Vaults:2 (give 7 scrolls of fog)

Annotations:
D:15 1 runed translucent door, 2 exclusions, Iranwisias's ghost, journeyman KoHu
Zot:2 2 transporters, exclusion: orange crystal statue
Zot:3 2 transporters


Innate Abilities, Weirdness & Mutations

You regain HP and MP as you explore.
Your body sometimes deteriorates upon taking damage.
Your flesh is heat resistant. (rF+)
You are somewhat resistant to further mutation.


Message History

There is a stone staircase leading down here.
Things that are here:
a +0 flail; a gnoll skeleton
There is an open door here.
There is an open door here.
You see here an adder skeleton.
There is an open door here.
There is a stone staircase leading up here.
You fly upwards.
There is a stone staircase leading down here.
You see here a +0 robe.
An Orb Guardian comes into view.
Unknown command.
Casting: Summon Horrible Things (mildly dangerous; 1% risk of failure)
Confirm with . or Enter, or press ? or * to list all spells.
The Orb Guardian hits your large abomination!!
Your large abomination hits the Orb Guardian!! x2
Unknown command.
The Orb Guardian hits your large abomination!
Your large abomination closely misses the Orb Guardian.
Your large abomination barely misses the Orb Guardian.
Your large abomination misses the Orb Guardian.
The Orb Guardian hits your large abomination but does no damage.
The Orb Guardian hits your large abomination.
Your large abomination hits the Orb Guardian!!
The Orb Guardian dies!
Unknown command.
There is a stone staircase leading up here.
You start resting.
Your large abomination disappears in a puff of smoke! x6
Magic restored.
You start resting.
A ynoxinul comes into view.
You fly upwards.
There is a stone staircase leading down here.
You feel much better.
You feel yourself speed up.
There is an open door here.
There is a staircase leading out of the dungeon here.
You have escaped!

♣.PPP.♣ #.###.#
♣.♣♣♣.♣♣ #.# #.#
♣.♣PP..♣♣ #.# #.#
♣.♣♣....♣♣♣#.###.#
♣.♣P.⌠....♣#.....#
♣.♣....P♣.♣##.####
♣....♣P♣♣.♣#..#
♣...♣♣♣♣♣.♣#.##
♣@.........'.#
♣♣♣♣♣♣♣♣♣♣♣###


There were no monsters in sight!

Vanquished Creatures
  3 dread liches
  An ancient lich (Vaults:5)
  A pandemonium lord (Zig:4)
  Sojobo (Crypt:1)
  Saint Roka (Vaults:2)
  2 golden dragons
  Geryon (Hell)
  An electric golem (Zot:5)
  A bone dragon (Depths:4)
  A tentacled monstrosity (Vaults:5)
  3 Orb Guardians (Zot:5)
  A walking earthen tome (Depths:2)
  3 liches
  A quicksilver dragon (Zot:3)
  A deep elf master archer (Elf:3)
  A sphinx (Vaults:5)
  2 death cobs
  A tengu reaver (Depths:2)
  2 nagarajas (Snake:4)
  A draconian monk (Zot:2)
  A curse skull (Crypt:1)
  3 vault wardens
  A ghost moth (Zot:3)
  A draconian scorcher (Zot:5)
  A ghoul (Crypt:3)
  2 very ugly things (Depths:2)
  6 ironbound preservers
  2 formless jellyfish
  A draconian annihilator (Zot:4)
  A stone giant (Vaults:5)
  3 deep elf demonologists (Elf:3)
  2 ironbound thunderhulks
  A vampire knight (Crypt:1)
  3 dire elephants
  A minotaur (Gauntlet)
  2 black draconians
  A deep elf annihilator (Elf:3)
  A white draconian (Zot:2)
  2 deep elf death magi (Elf:3)
  A war gargoyle (Vaults:4)
  A purple draconian (Zot:4)
  2 eidola
  A yaktaur captain (Vaults:2)
  An ettin (Depths:2)
  A fire dragon (Depths:3)
  2 kraken zombies (Crypt:2)
  A deep elf high priest (Vaults:5)
  An ice dragon (Depths:2)
  5 jiangshi
  Josephine (D:13)
  A spriggan zombie (Crypt:3)
  An entropy weaver (Vaults:1)
  2 hydras
  A hell beast (Depths:4)
  15 vault guards
  4 anacondas
  2 great orbs of eyes
  An ogre mage (Vaults:5)
  2 ironbound frosthearts
  A spriggan air mage (Depths:3)
  A catoblepas (Lair:5)
  2 merfolk avatars
  A centaur warrior (Vaults:2)
  2 dancing weapons (Elf:2)
  5 boulder beetles
  3 vampire magi
  5 merfolk aquamancers
  2 tengu warriors
  2 two-headed ogres
  A deep troll earth mage (Depths:2)
  5 death yaks
  2 orc high priests
  Sonja (D:11)
  9 naga sharpshooters
  2 hell knights
  5 deep elf knights
  A hell hog (Depths:4)
  15 skeletal warriors
  3 skysharks
  A salamander mystic (Snake:4)
  An iron troll (Hell)
  4 sea snakes
  3 shadow demons
  A flayed ghost (Crypt:3)
  An arcanist (D:13)
  2 mana vipers
  17 deep trolls
  5 lindwurms
  A bog body (Crypt:2)
  2 naga ritualists
  3 phantasmal warriors
  A wolf spider zombie (Crypt:2)
  A shadow dragon zombie (Depths:2)
  A golden dragon skeleton (Depths:2)
  2 deep elf archers (Elf:1)
  8 deep elf pyromancers
  A steelbarb worm (shapeshifter) (Elf:2)
  3 orc knights (Orc:2)
  2 deep elf zephyrmancers
  3 necromancers
  3 orc sorcerers
  6 ugly things
  2 harpies (Shoals:1)
  4 cyclopes
  5 salamanders
  2 fauns
  A moth of wrath (Zot:5)
  A moth of wrath (shapeshifter) (Vaults:5)
  3 manticores
  A kobold blastminer (Orc:2)
  A merfolk siren (Shoals:4)
  9 elephants
  4 black mambas
  4 vault sentinels
  3 gargoyles
  6 cane toads
  4 naga magi
  A hellion (Zig:4)
  2 guardian serpents (Snake:4)
  An iron troll zombie (Crypt:2)
  A dire elephant skeleton (Crypt:3)
  A rime drake (Lair:5)
  8 unseen horrors
  A spectral demonic crawler (Crypt:2)
  A redback zombie (Crypt:2)
  2 tengu conjurers
  2 komodo dragons (Lair:1)
  4 yaktaurs
  A red devil (D:9)
  4 trolls
  7 merfolk
  2 wind drakes (Shoals:4)
  A hornet (D:11)
  A jumping spider zombie (Crypt:2)
  An ettin zombie (Depths:2)
  6 blink frogs
  A snapping turtle (Shoals:4)
  A dream sheep (Lair:3)
  A jumping spider (shapeshifter) (D:13)
  3 slime creatures (Vaults:1)
  An air elemental (Elf:1)
  A shadow (D:11)
  2 wyverns
  2 vampires
  A spriggan skeleton (Depths:2)
  23 yaks
  A spriggan (Depths:1)
  2 humans (D:13)
  A fire bat (Snake:4)
  4 water elementals
  A wraith (Crypt:2)
  A basilisk (D:14)
  5 redbacks
  13 nagas
  A deep troll zombie (Depths:2)
  An acid dragon (D:11)
  Duvessa (D:6)
  A glowing shapeshifter skeleton (Vaults:2)
  5 water moccasins
  A swamp drake (Depths:1)
  9 orc warriors
  9 laughing skulls
  2 ogres (Orc:1)
  5 wolves
  A boggart (Vaults:1)
  2 centaurs (D:11)
  A kobold brigand (D:7)
  6 nameless horrors
  A weeping skull (Ossuary)
  2 elf zombies (Ossuary)
  7 bullfrogs
  A howler monkey (shapeshifter) (D:13)
  5 electric eels
  2 howler monkeys
  9 orc priests
  A hound (D:4)
  2 jellies (Lair:5)
  14 orc wizards
  A hound zombie (Ossuary)
  A mummy (Tomb:1)
  A gnoll (D:5)
  An adder zombie (Crypt:1)
  22 orcs
  A giant cockroach (D:3)
  2 goblins
  A hobgoblin (D:3)
  2 quokkas
  A ball python (D:2)
  A ball python zombie (Ossuary)
  2 jackal zombies (Ossuary)
  A kobold (D:7)
  2 kobold zombies (Ossuary)
  2 rats
  5 tentacles
546 creatures vanquished.

Vanquished Creatures (collateral kills)
  6 orbs of fire
  2 dread liches (Zot:5)
  3 ancient liches
  4 Killer Klowns
  Vv (Crypt:3)
  Vashnia (Snake:3)
  2 curse toes
  Margery (Vaults:2)
  Jory (Crypt:3)
  15 golden dragons
  2 bone dragons
  2 Brimstone Fiends
  2 electric golems
  A hellephant (Vaults:2)
  Jorgrun (Snake:1)
  A tainted leviathan (Hell)
  22 Orb Guardians
  11 tentacled monstrosities
  5 liches
  6 quicksilver dragons
  2 Hell Sentinels
  A deep elf blademaster (Elf:2)
  11 titans
  4 sphinxes
  A deep elf master archer (Elf:3)
  A kraken (Shoals:4)
  An Executioner (D:14)
  13 death cobs
  Gastronok (D:10)
  Aizul (Snake:1)
  14 ancient champions
  6 tengu reavers
  4 revenants
  Donald (Elf:2)
  Roxanne (Elf:2)
  6 draconian knights
  16 shadow dragons
  9 storm dragons
  3 nagarajas
  2 protean progenitors (Zot:3)
  10 fire giants
  7 frost giants
  A ghost moth (Zot:5)
  8 draconian shifters
  A draconian monk (Zot:4)
  2 draconian scorchers
  12 vault wardens
  7 deep elf sorcerers
  5 iron dragons
  6 deep elf elementalists (Elf:3)
  A balrug (Hell)
  A spectral tentacled monstrosity (Crypt:2)
  3 reapers (Hell)
  8 ghouls
  2 curse skulls
  7 ironbound thunderhulks
  2 formless jellyfish
  3 draconian annihilators
  7 very ugly things
  A spriggan defender (Depths:3)
  A quicksilver ooze (shapeshifter) (Vaults:5)
  9 stone giants
  13 ironbound preservers
  5 vampire knights
  7 green draconians
  A putrid mouth (Hell)
  6 dire elephants
  7 deep elf annihilators
  6 deep elf demonologists
  5 deep elf death magi
  14 yellow draconians
  2 war gargoyles
  11 red draconians
  9 white draconians
  10 black draconians
  3 spark wasps (Depths:3)
  The ghost of Livid the Warrior, a journeyman CoFi of Yredelemnul (Lair:3)
  7 purple draconians
  6 eidola
  2 blizzard demons (Hell)
  2 green deaths
  2 iron golems (Hell)
  12 ettins
  A quicksilver dragon zombie (Crypt:3)
  3 merfolk javelineers
  7 deep elf high priests
  5 merfolk impalers
  An entropy weaver (Vaults:3)
  10 fire dragons
  8 great orbs of eyes
  12 jiangshi
  The ghost of LobsterGuardian the Reanimator, a journeyman DsNe of Sif Muna (D:13)
  8 yaktaur captains
  2 rakshasas
  3 catoblepae
  3 merfolk avatars
  Erolcha (D:11)
  2 salamander tyrants (Snake:4)
  2 spriggan air magi
  26 vault guards
  8 ironbound frosthearts
  A boulder beetle (Vaults:3)
  5 ice dragons
  5 satyrs
  2 alligator snapping turtles (Shoals:4)
  4 merfolk aquamancers
  2 ogre magi (Vaults:5)
  11 centaur warriors
  2 two-headed ogres (Vaults:5)
  An Orb Guardian skeleton (Crypt:1)
  4 deep troll shamans
  13 anacondas
  6 deep troll earth magi
  20 dancing weapons
  15 naga sharpshooters
  10 naga warriors
  6 death yaks
  6 tengu warriors
  2 orc high priests (Orc:2)
  4 vampire magi
  9 shock serpents
  A demonic crawler (Hell)
  A titan zombie (Depths:2)
  4 spriggan berserkers
  17 hell knights
  9 deep elf knights
  A titan skeleton (Crypt:2)
  6 sun demons
  4 soul eaters (Hell)
  A storm dragon zombie (Depths:2)
  6 iron trolls
  3 salamander mystics
  2 skysharks
  24 skeletal warriors
  A goliath frog (Shoals:4)
  A mana viper (shapeshifter) (Depths:2)
  11 mana vipers
  A shadow demon (Zig:4)
  11 sea snakes
  56 deep trolls
  2 anaconda zombies (Hell)
  A shock serpent (shapeshifter) (Vaults:5)
  A flayed ghost (Crypt:3)
  2 bog bodies (Crypt:3)
  8 naga ritualists
  9 phantasmal warriors
  2 spriggan simulacra
  A glowing orange brain (Depths:4)
  7 orc knights
  4 necromancers
  10 deep elf archers
  5 arcanists
  18 deep elf zephyrmancers
  13 deep elf pyromancers
  A wolf spider zombie (Crypt:2)
  11 ironbound convokers
  6 lindwurms
  14 ugly things
  3 large abominations (Depths:2)
  An eleionoma zombie (Crypt:2)
  6 orc sorcerers
  8 harpies
  A stone giant zombie (Vaults:2)
  A shining eye (shapeshifter) (D:13)
  15 manticores
  23 moths of wrath
  5 fauns
  5 salamanders
  4 cyclopes
  An alligator skeleton (Hell)
  A stone giant skeleton (Crypt:3)
  34 black mambas
  5 elephants
  An iron dragon skeleton (Crypt:2)
  17 nameless horrors
  14 vault sentinels
  6 rust devils (Hell)
  A meliai (Depths:1)
  Joseph (D:7)
  5 guardian serpents
  2 naga zombies
  A black mamba (shapeshifter) (Elf:1)
  4 ice statues
  2 water nymphs
  A kobold blastminer (Orc:2)
  9 merfolk sirens
  2 alligator snapping turtle zombies
  16 naga magi
  An orange demon (Zot:5)
  4 cane toads
  A mana viper zombie (Crypt:2)
  A purple draconian zombie (Crypt:1)
  2 spriggan zombies
  A black draconian zombie (Crypt:1)
  2 unseen horrors
  5 komodo dragons
  2 tengu conjurers (Depths:2)
  2 rime drakes (Lair:5)
  8 freezing wraiths
  2 guardian mummies (Crypt:3)
  A tormentor (Zig:3)
  32 yaktaurs
  A spectral demonic crawler (Crypt:2)
  A minotaur skeleton (Crypt:1)
  2 harpy zombies
  A red devil (Zot:2)
  2 hydra zombies (Hell)
  A merfolk (shapeshifter) (Vaults:5)
  An ice devil (Hell)
  Grinder (D:3)
  17 merfolk
  3 wind drakes
  3 hornets
  2 polar bears
  A raiju (Snake:4)
  3 dream sheep (Shoals:3)
  A dream sheep (shapeshifter) (D:14)
  A tarantella (shapeshifter) (Elf:1)
  19 snapping turtles
  A boulder beetle zombie (Crypt:3)
  A human simulacrum (Vaults:2)
  A stone giant simulacrum (Depths:2)
  A fire dragon zombie (Crypt:3)
  8 blink frogs
  A glass eye (Depths:3)
  A deep troll zombie (Vaults:2)
  2 jumping spiders
  3 air elementals
  5 spriggans
  2 vampires (Crypt:3)
  8 slime creatures
  A deep troll skeleton (Vaults:2)
  25 yaks
  17 water elementals
  2 wyverns (Lair:4)
  A ynoxinul (Depths:2)
  A basilisk (D:12)
  3 fire elementals
  11 wraiths
  A warg (D:13)
  A tyrant leech zombie (Crypt:2)
  2 steam dragons (Gauntlet)
  2 vampire mosquitoes (D:13)
  A redback (Vaults:3)
  7 humans (D:13)
  An acid dragon (Shoals:4)
  3 chaos spawn (Depths:2)
  8 water moccasins
  42 nagas
  4 hell hounds (Zot:5)
  2 hydra simulacra (Hell)
  6 ice beasts
  A fire bat skeleton (Crypt:1)
  11 orc warriors
  A glowing shapeshifter skeleton (Depths:2)
  21 laughing skulls
  3 black bears
  A sky beast (D:6)
  3 centaurs
  8 wolves
  7 ogres
  2 boggarts (Vaults:1)
  A phantom (D:5)
  A snapping turtle skeleton (Crypt:1)
  9 bullfrogs
  A kobold brigand (D:10)
  A cyclops zombie (Crypt:2)
  4 small abominations (Depths:2)
  2 scorpions (D:5)
  2 human skeletons (Vaults:2)
  A salamander zombie (Crypt:3)
  3 earth elementals
  Dowan (D:6)
  5 wights (D:7)
  A troll zombie (Crypt:1)
  4 killer bees (D:7)
  2 howler monkeys
  A centaur zombie (Ossuary)
  A black bear zombie (Crypt:3)
  3 human zombies
  2 bombardier beetles
  3 gnoll boudas
  12 orc priests
  6 hounds
  3 jellies
  Natasha (thrice) (D:3)
  Terence (D:3)
  18 orc wizards
  5 scorpion zombies (D:6)
  5 hell rats (Hell)
  A statue (D:8)
  An acid dragon zombie (Crypt:3)
  A crocodile zombie (Ossuary)
  A bullfrog simulacrum (Ossuary)
  A hound zombie (Ossuary)
  15 mummies
  A howler monkey skeleton (D:6)
  15 gnolls
  5 adders
  2 river rats (D:13)
  A steam dragon zombie (Crypt:3)
  A shadow imp (D:6)
  3 adder zombies (Ossuary)
  An adder skeleton (Crypt:2)
  A lava snake skeleton (Crypt:2)
  2 dart slugs
  A ribbon worm (D:3)
  46 orcs
  7 endoplasms
  2 giant cockroaches (D:1)
  8 goblins
  8 hobgoblins
  A jackal (D:10)
  12 kobolds
  3 quokkas
  7 ball pythons
  3 ball python zombies (Ossuary)
  3 bats
  4 frilled lizards
  A goblin skeleton (Crypt:3)
  4 jackal zombies (Ossuary)
  5 kobold zombies (Ossuary)
  2 orc zombies (Ossuary)
  5 rats
  A rat zombie (Crypt:3)
  An aspiring flesh (Zot:3)
  2 spectral weapons (Elf:2)
  6 tentacles
1765 creatures vanquished.

Vanquished Creatures (others)
  A draconian knight (Zot:4)
  An ironbound preserver (Vaults:5)
  A red draconian (Zot:4)
  A vault guard (Vaults:5)
  A merfolk aquamancer (Shoals:4)
  A vampire mage (Crypt:3)
  An occultist (Depths:2)
  A titan zombie (Depths:2)
  A deep elf knight (Elf:2)
  A sea snake (Shoals:1)
  An ogre zombie (Vaults:4)
  A salamander mystic (Snake:4)
  A shadow dragon zombie (Depths:2)
  3 tengu zombies (Depths:2)
  A deep elf pyromancer (Elf:1)
  A fire giant zombie (Depths:1)
  An ugly thing (D:13)
  A deep elf zephyrmancer (Elf:2)
  A frost giant zombie (Depths:2)
  A mana viper zombie (Depths:2)
  A vault sentinel (Vaults:5)
  8 human zombies
  An iron troll zombie (Depths:2)
  A tengu conjurer (Depths:2)
  A harpy zombie (Vaults:4)
  A fire dragon zombie (Depths:1)
  A spriggan zombie (Depths:2)
  An ettin zombie (Depths:2)
  An air elemental (D:13)
  8 deep troll zombies (Depths:2)
  A water elemental (D:13)
  An orc wizard (D:11)
  A swamp drake zombie (Depths:1)
  An orc (Vaults:5)
  75 blazeheart cores
  31 tentacles
156 creatures vanquished.

Grand Total: 2467 creatures vanquished

Notes
Turn   | Place    | Note
-------+----------+-------------------------------------------
     0 | D:1      | MrSquiggles the Human Summoner began the quest for the Orb.
     0 | D:1      | Reached XP level 1. HP: 13/13 MP: 3/3
   296 | D:1      | Reached XP level 2. HP: 19/19 MP: 3/5
   342 | D:1      | Learned a level 2 spell: Call Imp
   366 | D:1      | Found a faded altar of an unknown god.
  1232 | D:1      | Reached XP level 3. HP: 24/24 MP: 2/6
  1236 | D:1      | Learned a level 3 spell: Call Canine Familiar
  2380 | D:3      | Noticed Natasha
  2407 | D:3      | Killed Natasha
  2408 | D:3      | Reached XP level 4. HP: 30/30 MP: 1/8
  2523 | D:3      | Noticed Terence
  2553 | D:3      | Killed Terence
  2554 | D:3      | Reached skill level 5 in Summonings
  2554 | D:3      | Reached skill level 1 in Fire Magic
  2554 | D:3      | Reached skill level 1 in Air Magic
  2709 | D:3      | Reached XP level 5. HP: 35/35 MP: 6/9
  2832 | D:3      | Noticed Grinder
  2864 | D:3      | Noticed Natasha
  2870 | D:3      | Killed Grinder
  2871 | D:3      | Reached XP level 6. HP: 41/41 MP: 7/11
  2880 | D:3      | Killed Natasha
  3303 | D:3      | Noticed Natasha
  3313 | D:3      | Killed Natasha
  3760 | D:4      | Found a sacrificial altar of Ru.
  3805 | D:4      | Found a sparkling altar of Nemelex Xobeh.
  3808 | D:4      | Found an ornate altar of the Wu Jian Council.
  3815 | D:4      | Became a worshipper of Nemelex Xobeh the Trickster
  3821 | D:4      | Found a glowing silver altar of Zin.
  3977 | D:4      | Reached XP level 7. HP: 46/46 MP: 5/12
  4778 | D:4      | Reached * piety under Nemelex Xobeh
  4940 | D:4      | Learned a level 4 spell: Summon Blazeheart Golem
  4964 | D:5      | Entered Level 5 of the Dungeon
  4973 | D:5      | Reached skill level 1 in Invocations
  5195 | D:5      | Found a staircase to the Ecumenical Temple.
  5229 | D:5      | Reached XP level 8. HP: 45/52 MP: 9/14
  5307 | D:5      | Found Miqas's Assorted Antiques.
  5331 | D:5      | Bought an encrusted brass ring for 150 gold pieces
  5431 | D:5      | Learned a level 4 spell: Summon Lightning Spire
  5962 | D:5      | Reached XP level 9. HP: 57/57 MP: 14/19
  6106 | D:6      | Found a sand-covered staircase.
  6139 | Ossuary  | Entered an ossuary
  6145 | Ossuary  | Received a gift from Nemelex Xobeh
  6697 | D:6      | Reached XP level 10. HP: 63/63 MP: 18/20
  6962 | D:6      | Noticed Dowan
  6968 | D:6      | Noticed Duvessa
  6983 | D:6      | Killed Duvessa
  6996 | D:6      | Killed Dowan
  7419 | D:7      | Reached ** piety under Nemelex Xobeh
  7598 | D:7      | Reached skill level 5 in Spellcasting
  7847 | D:7      | Received a gift from Nemelex Xobeh
  7871 | D:7      | Noticed Joseph
  7882 | D:7      | Killed Joseph
  8173 | D:7      | Found a broken altar of Ashenzari.
  8174 | D:7      | Found a hazy altar of Hepliaklqana.
  8176 | D:7      | Found a basalt altar of Yredelemnul.
  8176 | D:7      | Found a hide-covered altar of Uskayaw.
  8511 | D:8      | Found a radiant altar of Vehumet.
  9144 | D:8      | Reached *** piety under Nemelex Xobeh
  9144 | D:8      | Received a gift from Nemelex Xobeh
  9611 | D:5      | Bought a pair of glowing gloves for 225 gold pieces
  9773 | D:9      | Found a staircase to the Lair.
 10009 | D:9      | Found a stormy altar of Qazlal.
 10019 | D:9      | Reached skill level 1 in Conjurations
 10050 | D:9      | Reached XP level 11. HP: 37/68 MP: 21/21
 10600 | D:9      | Learned a level 3 spell: Mephitic Cloud
 10649 | D:10     | Entered Level 10 of the Dungeon
 10727 | D:10     | Noticed Gastronok
 10800 | D:10     | Killed Gastronok
 10840 | D:10     | Identified the +1 ring mail of Beyond {+Inv Slay+2 Stlth+}
 11287 | Lair:1   | Entered Level 1 of the Lair of Beasts
 11486 | Lair:1   | Received a gift from Nemelex Xobeh
 11740 | Lair:1   | Reached skill level 10 in Summonings
 11744 | Lair:1   | Reached skill level 5 in Conjurations
 11801 | Lair:1   | You fall into a shaft and drop 1 floor!
 11801 | Lair:2   | Reached **** piety under Nemelex Xobeh
 11961 | Lair:2   | Found a staircase to the Shoals.
 12012 | Lair:2   | Reached XP level 12. HP: 60/74 MP: 22/22
 12508 | Lair:2   | Learned a level 1 spell: Magic Dart
 12514 | Lair:2   | Learned a level 5 spell: Iskenderun's Battlesphere
 12574 | Lair:2   | Received a gift from Nemelex Xobeh
 13578 | Lair:3   | Received a gift from Nemelex Xobeh
 13743 | Lair:3   | Found a gate leading to a gauntlet.
 13760 | Gauntlet | Entered a Gauntlet
 13760 | Gauntlet | Found a transporter.
 13760 | Gauntlet | Found a transporter.
 13765 | Gauntlet | Found a transporter.
 13780 | Gauntlet | Found a transporter.
 13796 | Gauntlet | Found a transporter.
 13808 | Gauntlet | Found a transporter.
 13825 | Gauntlet | Found a transporter.
 13825 | Gauntlet | Noticed a quicksilver ooze
 13891 | Gauntlet | Found a transporter.
 13906 | Gauntlet | Found a transporter.
 13913 | Gauntlet | Noticed a death scarab
 13924 | Gauntlet | Found a transporter.
 13936 | Gauntlet | Found a transporter.
 13946 | Gauntlet | Noticed a dire elephant
 13952 | Gauntlet | Found a transporter.
 14019 | Gauntlet | Found a transporter.
 14029 | Gauntlet | Found a transporter.
 14031 | Gauntlet | Received a gift from Nemelex Xobeh
 14037 | Gauntlet | Reached ***** piety under Nemelex Xobeh
 14063 | Gauntlet | Found a transporter.
 14073 | Gauntlet | Found a transporter.
 14375 | Gauntlet | Killed a dire elephant
 14650 | Gauntlet | Noticed a minotaur
 14666 | Gauntlet | Killed a minotaur
 14682 | Gauntlet | Identified the staff of the Hills {Dex+3 Stlth+ Earth}
 14930 | Lair:3   | Found a staircase to the Snake Pit.
 15050 | Lair:3   | Found a transporter.
 15166 | Lair:3   | Noticed Livid's ghost (journeyman CoFi)
 15172 | Lair:3   | Found a transporter.
 15381 | Lair:3   | Reached skill level 10 in Conjurations
 15621 | Lair:3   | Reached skill level 1 in Fighting
 15638 | Lair:3   | Killed Livid's ghost
 15641 | Lair:3   | Identified the +1 cloak of Rucitaxio {Harm rC+ Dex-2
                  | Stlth+}
 15689 | Lair:4   | Noticed a skyshark
 15689 | Lair:4   | Received a gift from Nemelex Xobeh
 15718 | Lair:4   | Reached XP level 13. HP: 82/82 MP: 25/25
 15724 | Lair:4   | Reached skill level 2 in Fighting
 15751 | Lair:3   | Reached skill level 3 in Fighting
 16917 | Lair:4   | Learned a level 7 spell: Spellforged Servitor
 16933 | Lair:5   | Entered Level 5 of the Lair of Beasts
 16933 | Lair:5   | Received a gift from Nemelex Xobeh
 16939 | Lair:5   | Reached skill level 4 in Fighting
 17622 | Lair:5   | Reached skill level 5 in Fighting
 18459 | Lair:5   | Received a gift from Nemelex Xobeh
 18743 | Lair:5   | Reached skill level 10 in Spellcasting
 18750 | Lair:5   | Reached XP level 14. HP: 98/98 MP: 28/28
 18852 | Lair:5   | Found a viscous altar of Jiyva.
 18853 | Lair:5   | Found a staircase to the Slime Pits.
 19359 | Lair:5   | Reached skill level 6 in Fighting
 19920 | D:11     | Noticed Sonja
 20089 | D:11     | Found Facovaor's Book Emporium.
 20154 | D:11     | Noticed Erolcha
 20387 | D:11     | Killed Erolcha
 20413 | D:11     | Killed Sonja
 20804 | D:11     | Bought a book of Air for 330 gold pieces
 20809 | D:11     | Learned a level 4 spell: Airstrike
 20859 | D:11     | Found a staircase to the Orcish Mines.
 20977 | D:11     | Received a gift from Nemelex Xobeh
 21100 | Orc:1    | Entered Level 1 of the Orcish Mines
 21708 | Orc:1    | Found Ateow's Jewellery Emporium.
 21816 | Orc:1    | Found a roughly hewn altar of Beogh.
 22133 | Orc:2    | Entered Level 2 of the Orcish Mines
 22133 | Orc:2    | Found a staircase to the Elven Halls.
 22187 | Orc:2    | Received a gift from Nemelex Xobeh
 22444 | Orc:2    | Found Iwounykol's Overcharged Wands.
 22697 | Orc:2    | Reached skill level 7 in Fighting
 22961 | Orc:2    | Found Oqoogof's Assorted Antiques.
 22966 | Orc:2    | Found Qaghamuw's Antique Weapon Boutique.
 22972 | Orc:2    | Found Rasaenox's Armour Boutique.
 22974 | Orc:2    | Found Rius's Armour Emporium.
 22984 | Orc:2    | Bought a +1 robe of resistance for 523 gold pieces
 23089 | Orc:2    | Bought a scroll labelled EPAABB WATO for 33 gold pieces
 23089 | Orc:2    | Bought a potion of heal wounds for 165 gold pieces
 23530 | D:12     | Reached XP level 15. HP: 108/108 MP: 30/30
 23628 | D:12     | Received a gift from Nemelex Xobeh
 24661 | D:13     | Identified the +0 leather armour of Privacy {rCorr Dex+5}
 24791 | D:13     | Found a large runed translucent door.
 24791 | D:13     | Found a large runed translucent door.
 24865 | D:13     | Found a runed translucent door.
 24868 | D:13     | Received a gift from Nemelex Xobeh
 24869 | D:13     | Identified the +7 trident "Quex" {heavy, ^Contam Str+5}
 24870 | D:13     | Noticed LobsterGuardian's ghost (journeyman DsNe)
 24933 | D:13     | Noticed Josephine
 24958 | D:13     | Killed Josephine
 25289 | D:13     | Found a gate to the Vaults.
 25905 | D:13     | Killed LobsterGuardian's ghost
 25906 | D:13     | Reached skill level 8 in Fighting
 26146 | D:14     | Found a basalt altar of Yredelemnul.
 26328 | D:14     | Reached skill level 1 in Shields
 26572 | D:14     | Reached skill level 1 in Earth Magic
 27916 | D:15     | Entered Level 15 of the Dungeon
 27987 | D:15     | Received a gift from Nemelex Xobeh
 28670 | D:15     | Found a staircase to the Depths.
 28670 | D:15     | Noticed a fire giant
 28678 | D:15     | Killed a fire giant
 29197 | D:15     | Found a runed translucent door.
 29198 | D:15     | Noticed Iranwisias's ghost (journeyman KoHu)
 29628 | D:15     | Upgraded the game from 0.32-a0-666-ge8a88695a4 to
                  | 0.32-a0-673-g3729bd50f8
 29764 | Orc:1    | Bought a ring of poison resistance for 280 gold pieces
 29920 | Snake:1  | Entered Level 1 of the Snake Pit
 29920 | Snake:1  | Identified the serpent talisman "Nourgh" {Int+3}
 29920 | Snake:1  | Noticed Aizul
 29928 | Snake:1  | Killed Aizul
 29929 | Snake:1  | Reached skill level 5 in Shields
 29929 | Snake:1  | Reached XP level 16. HP: 119/119 MP: 9/31
 30008 | Snake:1  | Reached skill level 9 in Fighting
 30081 | Snake:1  | Received a gift from Nemelex Xobeh
 30384 | Snake:1  | Noticed Jorgrun
 30401 | Snake:1  | Killed Jorgrun
 31386 | Snake:1  | Reached ****** piety under Nemelex Xobeh
 31467 | Snake:1  | Received a gift from Nemelex Xobeh
 31703 | Snake:1  | Found Beonugurphau's Vocational Training.
 32069 | Snake:1  | Learned a level 6 spell: Bombard
 32454 | Snake:2  | Received a gift from Nemelex Xobeh
 32918 | Snake:2  | Reached skill level 10 in Fighting
 32957 | Snake:2  | Identified the +5 short sword "Zed Kacs" {antimagic, rC+
                  | Dex+2}
 33388 | Snake:2  | Reached skill level 5 in Dodging
 35259 | Snake:3  | Received a gift from Nemelex Xobeh
 35703 | Snake:3  | Reached XP level 17. HP: 130/130 MP: 13/34
 35706 | Snake:3  | Reached skill level 11 in Fighting
 35708 | Snake:3  | Noticed Vashnia
 36622 | Snake:3  | Identified the ring of Ahuaxtisch {+Blink rPois Will+ MP+9
                  | Int+2 Slay+2}
 36938 | Snake:3  | Identified the +0 chain mail "Rumnaffi" {^Drain rF++ rC+
                  | Regen+}
 36938 | Snake:3  | Killed Vashnia
 37395 | Snake:3  | Received a gift from Nemelex Xobeh
 38187 | Snake:4  | Entered Level 4 of the Snake Pit
 38199 | Snake:4  | Reached skill level 1 in Evocations
 38895 | Snake:4  | Reached skill level 12 in Fighting
 39567 | Snake:4  | Found Qiacomipn's Weapon Shop.
 40828 | D:11     | Bought a book of Battle for 390 gold pieces
 40832 | D:11     | Learned a level 3 spell: Ozocubu's Armour
 41199 | Snake:4  | Reached skill level 1 in Ice Magic
 41488 | Snake:4  | Reached XP level 18. HP: 141/141 MP: 29/36
 41665 | Snake:4  | Got a serpentine rune of Zot
 41921 | Shoals:1 | Entered Level 1 of the Shoals
 41921 | Shoals:1 | Received a gift from Nemelex Xobeh
 42509 | Shoals:1 | Received a gift from Nemelex Xobeh
 42639 | Shoals:1 | Reached skill level 5 in Evocations
 43088 | Shoals:1 | Got the Folio of Burning Points
 43481 | Shoals:2 | Reached skill level 13 in Fighting
 44256 | Shoals:2 | Reached skill level 10 in Dodging
 44505 | Shoals:3 | Received a gift from Nemelex Xobeh
 44929 | Shoals:3 | Reached skill level 5 in Ice Magic
 45603 | Shoals:4 | Entered Level 4 of the Shoals
 45603 | Shoals:4 | Received a gift from Nemelex Xobeh
 45930 | Shoals:4 | Identified the +10 long sword of Zofeem {flame, Will+}
 46676 | Shoals:4 | Reached skill level 15 in Spellcasting
 46825 | Shoals:4 | Upgraded the game from 0.32-a0-673-g3729bd50f8 to
                  | 0.32-a0-675-gdc239d62e1
 47233 | Shoals:4 | Identified the +4 scale mail of the Thoughtful Beasts
                  | {Rampage rC+ Stlth+}
 47563 | Shoals:4 | Reached XP level 19. HP: 149/151 MP: 32/38
 49034 | Shoals:4 | Got a barnacled rune of Zot
 49580 | Shoals:4 | Reached skill level 14 in Fighting
 50111 | Vaults:1 | Entered Level 1 of the Vaults
 50182 | Vaults:1 | Received a gift from Nemelex Xobeh
 51450 | Vaults:1 | Received a gift from Nemelex Xobeh
 52343 | Vaults:1 | Reached skill level 15 in Fighting
 52474 | Vaults:1 | Identified the +0 war axe of Anger {protect, Str+3 Dex+5}
 52759 | Vaults:1 | Learned a level 7 spell: Summon Hydra
 53191 | Vaults:2 | Received a gift from Nemelex Xobeh
 53257 | Vaults:2 | Reached XP level 20. HP: 125/162 MP: 40/40
 53266 | Vaults:2 | Noticed Margery
 53274 | Vaults:2 | Killed Margery
 53477 | Vaults:2 | Found a portal to a secret trove of treasure.
 54216 | Vaults:2 | Noticed Saint Roka
 54417 | Vaults:2 | Killed Saint Roka
 54620 | Vaults:2 | Found a staircase to the Crypt.
 54903 | Vaults:2 | Received a gift from Nemelex Xobeh
 54999 | Vaults:2 | Noticed a hellephant
 55018 | Vaults:2 | Killed a hellephant
 55019 | Vaults:2 | Reached skill level 16 in Fighting
 56814 | Vaults:3 | Received a gift from Nemelex Xobeh
 57219 | Vaults:3 | Got Qyidd's Reference Book on the Burn and Calling
 57336 | Vaults:3 | Found Yweewoiw's Book Shoppe.
 57351 | Vaults:3 | Bought a book of Necromancy for 442 gold pieces
 57356 | Vaults:3 | Learned a level 4 spell: Martyr's Knell
 57373 | Vaults:3 | Reached XP level 21. HP: 93/172 MP: 34/42
 58451 | Vaults:3 | Identified a scroll of acquirement
 58452 | Vaults:3 | Acquired 1165 gold pieces
 59036 | Vaults:4 | Received a gift from Nemelex Xobeh
 59067 | Vaults:4 | Found a flickering gateway to a bazaar.
 59080 | Bazaar   | Entered a bazaar
 59080 | Bazaar   | Found Cixo's Book Shop.
 59084 | Bazaar   | Found Bope's Antique Weapon Shoppe.
 59091 | Bazaar   | Found Josytouc's Magic Scroll Boutique.
 59107 | Bazaar   | Found Hoqoexal's Jewellery Shop.
 59117 | Bazaar   | Found Kizips's Armour Shop.
 59144 | Bazaar   | Bought a scroll of enchant weapon for 82 gold pieces
 59145 | Bazaar   | Bought a scroll of amnesia for 44 gold pieces
 59145 | Bazaar   | Bought a scroll of amnesia for 44 gold pieces
 59156 | Bazaar   | Bought the Incunable of the Destined Barrage for 460 gold
                  | pieces
 59156 | Bazaar   | Bought the Vellum of Iniquitous Mysteries for 480 gold
                  | pieces
 59491 | Vaults:4 | Learned a level 5 spell: Summon Mana Viper
 59597 | Vaults:4 | Reached skill level 1 in Necromancy
 59618 | Vaults:4 | Learned a level 4 spell: Animate Dead
 60245 | Vaults:4 | Received a gift from Nemelex Xobeh
 61010 | Depths:1 | Entered Level 1 of the Depths
 61282 | Depths:1 | Reached skill level 15 in Summonings
 61295 | Depths:1 | Reached skill level 17 in Fighting
 61715 | Depths:1 | Found a one-way gate to the infinite horrors of the Abyss.
 61894 | Depths:1 | Reached skill level 5 in Necromancy
 62167 | Vaults:4 | Learned a level 5 spell: Borgnjor's Vile Clutch
 63014 | Depths:1 | Found a gateway to Hell.
 63490 | Depths:2 | Reached XP level 22. HP: 38/164 MP: 7/43
 64536 | Depths:2 | Identified the +2 robe of Morality {rPois Dex+2}
 64889 | Depths:2 | Found a radiant altar of Vehumet.
 64904 | Depths:2 | Identified the +0 hat of the Kettle-Drum {-Cast Will++}
 64905 | Depths:2 | Identified the +0 robe of Votz {rC- rN++ Dex+5}
 64909 | Depths:2 | Identified the +1 robe of Follow the Leader {rElec rC+
                  | Slay-3}
 65125 | Depths:2 | Found a one-way gateway to a ziggurat.
 65125 | Depths:2 | Received a gift from Nemelex Xobeh
 65646 | Depths:2 | Found a one-way gate leading to the halls of Pandemonium.
 66239 | Vaults:3 | Learned a level 7 spell: Haunt
 66248 | Vaults:3 | Learned a level 8 spell: Summon Horrible Things
 66494 | Zig:1    | Entered Level 1 of a ziggurat
 66623 | Zig:2    | Entered Level 2 of a ziggurat
 66666 | Zig:3    | Entered Level 3 of a ziggurat
 66672 | Zig:3    | Found the amulet of the Four Winds {rN+ Will+++ Clar}
 66892 | Zig:3    | Identified the +5 scale mail of Defiance {Will+}
 66928 | Zig:4    | Entered Level 4 of a ziggurat
 66932 | Zig:4    | Noticed Ihir the pandemonium lord
 66938 | Zig:4    | Killed Ihir the pandemonium lord
 67554 | Crypt:1  | Entered Level 1 of the Crypt
 68111 | Crypt:1  | Received a gift from Nemelex Xobeh
 68258 | Crypt:1  | Reached skill level 18 in Fighting
 68486 | Crypt:1  | Noticed Sojobo
 68509 | Crypt:1  | Killed Sojobo
 68828 | Crypt:1  | Received a gift from Nemelex Xobeh
 69685 | Crypt:2  | Reached XP level 23. HP: 190/190 MP: 12/45
 70311 | Crypt:2  | Received a gift from Nemelex Xobeh
 71651 | Crypt:1  | Found an ancient bone altar of Kikubaaqudgha.
 71700 | Crypt:2  | Found the +7 Spriggan's Knife {stab, EV+4 Stlth+}
 72024 | Crypt:2  | Identified the +0 dagger of Doubt {flame, Str+4}
 72108 | Crypt:2  | Identified the +11 quick blade of the Scorpion {distort,
                  | Str+3}
 72249 | Crypt:3  | Entered Level 3 of the Crypt
 72298 | Crypt:3  | Found the +10 morningstar "Eos" {elec, Halo rElec}
 72319 | Crypt:3  | Noticed Vv
 72345 | Crypt:3  | Killed Vv
 73365 | Crypt:3  | Received a gift from Nemelex Xobeh
 73412 | Crypt:3  | Found an ancient bone altar of Kikubaaqudgha.
 74137 | Crypt:3  | Found a staircase to the Tomb.
 74486 | Tomb:1   | Entered Level 1 of the Tomb of the Ancients
 75597 | Crypt:3  | Found an ancient bone altar of Kikubaaqudgha.
 75608 | Crypt:3  | Noticed a curse toe
 75612 | Crypt:3  | Noticed Jory
 75797 | Crypt:3  | Killed Jory
 76102 | Crypt:3  | Killed a curse toe
 76388 | Crypt:3  | Found a basalt altar of Yredelemnul.
 76409 | Crypt:3  | Identified the ring of False Pretenses {rElec rN++ EV+5
                  | Str+6 Dex-5}
 76409 | Crypt:3  | Identified the ring of Past Mistakes {rN++ Will+ Dex+3
                  | Slay+3 Stlth-}
 76453 | Crypt:3  | Found the +7 great mace "Undeadhunter" {deathbane, rN+}
 76460 | Crypt:3  | Got the Omnibus of the Chilling Boulder
 76922 | Depths:3 | Reached skill level 10 in Necromancy
 78072 | Depths:3 | Noticed a golden dragon
 78093 | Depths:3 | Reached XP level 24. HP: 162/200 MP: 38/46
 78248 | Depths:3 | Reached skill level 19 in Fighting
 78588 | Depths:3 | Received a gift from Nemelex Xobeh
 78594 | Depths:3 | Identified the +1 pair of boots of Vexation {Fly rC+
                  | Slay-5}
 78858 | Depths:3 | Found Jockanu's Jewellery Shoppe.
 78859 | Depths:3 | Found Ceidesum's Book Shop.
 78860 | Depths:3 | Found Pucom's Jewellery Shoppe.
 78970 | Depths:4 | Entered Level 4 of the Depths
 79416 | Depths:4 | Found a shadowy altar of Dithmenos.
 79701 | Depths:4 | Received a gift from Nemelex Xobeh
 80000 | Depths:4 | Reached skill level 15 in Dodging
 80631 | Depths:4 | Found a gate to the Realm of Zot.
 81423 | Elf:1    | Entered Level 1 of the Elven Halls
 81587 | Elf:1    | Found a flickering gateway to a bazaar.
 81609 | Bazaar   | Entered a bazaar
 81609 | Bazaar   | Found Xomud's Book Shoppe.
 81609 | Bazaar   | Found Seoptul's Magic Scroll Shoppe.
 81610 | Bazaar   | Found Igikonk's Armour Emporium.
 81610 | Bazaar   | Found Koczogg's Distillery.
 81613 | Bazaar   | Bought a scroll of fog for 48 gold pieces
 81627 | Bazaar   | Bought a potion of magic for 144 gold pieces
 81627 | Bazaar   | Bought a potion of heal wounds for 90 gold pieces
 81627 | Bazaar   | Bought a potion of curing for 54 gold pieces
 81627 | Bazaar   | Bought a potion of brilliance for 72 gold pieces
 81627 | Bazaar   | Bought a potion of cancellation for 144 gold pieces
 81633 | Bazaar   | Bought a scroll of butterflies for 48 gold pieces
 81633 | Bazaar   | Bought a scroll of enchant armour for 90 gold pieces
 81633 | Bazaar   | Bought a scroll of enchant armour for 90 gold pieces
 81633 | Bazaar   | Bought a scroll of teleportation for 36 gold pieces
 82008 | Elf:1    | Paralysed by an air elemental for 1 turns
 82268 | Elf:1    | Found Fuinlun's Book Boutique.
 82270 | Elf:1    | Found Hackeg's Magic Scroll Shop.
 82270 | Elf:1    | Found Ilidoazuih's Book Boutique.
 82275 | Elf:1    | Found Cuwom's Antique Weapon Shop.
 82286 | Elf:1    | Bought a scroll of blinking for 97 gold pieces
 82286 | Elf:1    | Bought a scroll of butterflies for 52 gold pieces
 82295 | Elf:1    | Bought a manual of Dodging for 880 gold pieces
 82819 | Elf:1    | Paralysed by an air elemental for 1 turns
 82995 | Elf:1    | Received a gift from Nemelex Xobeh
 83148 | Elf:2    | Noticed Donald
 83157 | Elf:2    | Killed Donald
 83546 | Elf:2    | Noticed Roxanne
 83552 | Elf:2    | Killed Roxanne
 83886 | Elf:2    | Received a gift from Nemelex Xobeh
 83901 | Elf:2    | Found a runed translucent gate.
 83903 | Elf:2    | Found a runed translucent gate.
 83904 | Elf:2    | Paralysed by an air elemental for 1 turns
 83960 | Elf:2    | Found a runed translucent gate.
 84543 | Elf:2    | Received a gift from Nemelex Xobeh
 84797 | Elf:3    | Entered Level 3 of the Elven Halls
 85028 | Elf:3    | Found Meisog's Self-Improvement Boutique.
 86038 | Elf:3    | Reached skill level 10 in Evocations
 86038 | Elf:3    | Reached XP level 25. HP: 209/209 MP: 46/46
 86704 | Elf:3    | Identified the amulet "Fasha" {Faith Regen+ Int+3}
 87203 | Elf:3    | Identified the +0 ring mail of the Beginning {rC+ Will+}
 87284 | Elf:3    | Got Bolugig's Collected Works on Necromancy
 87343 | Elf:3    | Identified the +1 ring mail "Wytopay" {rPois Str+6 Stlth-}
 87346 | Elf:3    | Identified the staff of Classification {*Corrode rPois
                  | Stlth+ Summ Tloc Alchemy}
 87564 | Elf:1    | Bought a book of Unlife for 396 gold pieces
 87571 | Elf:1    | Learned a level 6 spell: Death Channel
 87576 | Elf:1    | Upgraded the game from 0.32-a0-675-gdc239d62e1 to
                  | 0.32-a0-685-g93135e86f0
 87909 | Vaults:5 | Entered Level 5 of the Vaults
 87922 | Vaults:5 | Noticed an ancient lich
 87932 | Vaults:5 | Noticed a dread lich
 87952 | Vaults:5 | Killed a dread lich
 87954 | Vaults:5 | Noticed a dread lich
 87957 | Vaults:5 | Killed an ancient lich
 88247 | Vaults:5 | Received a gift from Nemelex Xobeh
 88327 | Vaults:5 | Reached skill level 20 in Fighting
 89096 | Vaults:5 | Noticed an ancient lich
 89192 | Vaults:5 | Killed an ancient lich
 89563 | Vaults:5 | Reached XP level 26. HP: 218/218 MP: 39/47
 89625 | Vaults:5 | Killed a dread lich
 89671 | Vaults:5 | Identified the +5 ring mail "Xibov" {rElec Will+ Str+2
                  | Dex-3}
 90826 | Vaults:5 | Received a gift from Nemelex Xobeh
 91295 | Vaults:5 | Identified the +2 ice dragon scales of Xom's Outrage
                  | {*Corrode rPois rF- rC++ Regen+ SInv}
 91303 | Vaults:5 | Got a silver rune of Zot
 91346 | Vaults:5 | Found the +3 pair of gauntlets of War {Slay+5}
 91401 | Vaults:5 | Identified the +4 halberd of the Curious Prophets {freeze,
                  | Int+4}
 91997 | Zot:1    | Entered Level 1 of the Realm of Zot
 92808 | Zot:1    | Received a gift from Nemelex Xobeh
 93979 | Zot:2    | Noticed an orb of fire
 93985 | Zot:2    | Gained mutation: You are frail. (-10% HP) [an orb of fire]
 93985 | Zot:2    | Gained mutation: Armour fits poorly on your strangely
                  | shaped body. [an orb of fire]
 94006 | Zot:2    | Killed an orb of fire
 94166 | Zot:2    | Lost mutation: Armour fits poorly on your strangely shaped
                  | body. [potion of mutation]
 94166 | Zot:2    | Lost mutation: You are frail. (-10% HP) [potion of
                  | mutation]
 94166 | Zot:2    | Gained mutation: You are weak. (Str -2) [potion of
                  | mutation]
 94278 | Zot:2    | Received a gift from Nemelex Xobeh
 94319 | Zot:2    | Found a transporter.
 94320 | Zot:2    | Noticed an orb of fire
 94329 | Zot:2    | Found a transporter.
 94761 | Zot:3    | Acquired 581 gold pieces
 94771 | Zot:3    | Found a transporter.
 95138 | Zot:3    | Noticed a Killer Klown
 95153 | Zot:3    | Killed a Killer Klown
 95259 | Zot:3    | Received a gift from Nemelex Xobeh
 96489 | Zot:3    | Reached skill level 21 in Fighting
 96489 | Zot:3    | Reached XP level 27. HP: 228/228 MP: 34/47
 96623 | Zot:3    | Found a transporter.
 98672 | Zot:5    | Entered Level 5 of the Realm of Zot
 99963 | Hell     | Entered the Vestibule of Hell
 99963 | Hell     | Noticed Geryon
 99966 | Hell     | Upgraded the game from 0.32-a0-685-g93135e86f0 to
                  | 0.32-a0-699-g1ee5eff69a
 99980 | Hell     | Killed Geryon
100063 | Hell     | Found a gateway to the freezing wastes of Cocytus.
100770 | Coc:1    | Entered Level 1 of Cocytus
100969 | Zot:5    | Reached skill level 15 in Evocations
101415 | Zot:5    | Upgraded the game from 0.32-a0-699-g1ee5eff69a to
                  | 0.32-a0-705-g60f233581c
101421 | Zot:5    | Noticed an ancient lich
101444 | Zot:5    | Killed an ancient lich
101582 | Zot:5    | Noticed a dread lich
101589 | Zot:5    | Killed a dread lich
101657 | Zot:5    | Noticed an ancient lich
101675 | Zot:5    | Killed an ancient lich
102224 | Zot:5    | Noticed an orb of fire
102254 | Zot:5    | Killed an orb of fire
102493 | Zot:5    | Received a gift from Nemelex Xobeh
102551 | Zot:5    | Reached skill level 15 in Necromancy
102595 | Zot:5    | Noticed an orb of fire
102641 | Zot:5    | Noticed an orb of fire
102650 | Zot:5    | Killed an orb of fire
103135 | Zot:5    | Killed an orb of fire
103505 | Zot:5    | Noticed an orb of fire
103505 | Zot:5    | Gained mutation: Armour fits poorly on your strangely
                  | shaped body. [an orb of fire]
103515 | Zot:5    | Killed an orb of fire
104013 | Zot:5    | Noticed an orb of fire
104020 | Zot:5    | Gained mutation: Your magical capacity is low. (-10% MP)
                  | [an orb of fire]
104021 | Zot:5    | Noticed a dread lich
104032 | Zot:5    | Gained mutation: You are dopey. (Int -2) [an orb of fire]
104035 | Zot:5    | Gained mutation: You are very dopey. (Int -4) [an orb of
                  | fire]
104036 | Zot:5    | Killed an orb of fire
104048 | Zot:5    | Killed a dread lich
104290 | Zot:5    | Lost mutation: Your magical capacity is low. (-10% MP)
                  | [potion of mutation]
104290 | Zot:5    | Lost mutation: Armour fits poorly on your strangely shaped
                  | body. [potion of mutation]
104290 | Zot:5    | Lost mutation: You are very dopey. (Int -4) [potion of
                  | mutation]
104290 | Zot:5    | Gained mutation: Your magical capacity is low. (-10% MP)
                  | [potion of mutation]
104291 | Zot:5    | Lost mutation: You are weak. (Str -2) [potion of mutation]
104291 | Zot:5    | Lost mutation: Your magical capacity is low. (-10% MP)
                  | [potion of mutation]
104291 | Zot:5    | Lost mutation: You are dopey. (Int -2) [potion of mutation]
104291 | Zot:5    | Gained mutation: Your flesh is heat resistant. (rF+)
                  | [potion of mutation]
104291 | Zot:5    | Gained mutation: Your body sometimes deteriorates upon
                  | taking damage. [potion of mutation]
104291 | Zot:5    | Gained mutation: You are somewhat resistant to further
                  | mutation. [potion of mutation]
104344 | Zot:5    | Identified the +1 glaive of Puilep {freeze, Str+3}
104362 | Zot:5    | Noticed a dread lich
104381 | Zot:5    | Killed a dread lich
104512 | Zot:5    | Got the Orb of Zot
104563 | Zot:5    | Noticed an ancient lich
105030 | D:9      | Noticed Eciv Gin the pandemonium lord
105189 | D:4      | Reached skill level 22 in Fighting
105362 | D:$      | Escaped with the Orb!

Illustrated notes

Levels and vault maps discovered:
D:1:      psy_arrival_fountain, layout_basic,
          hellmonk_ecumenical_altar_pennies_from_heaven, chequers_mini_garden
D:2:      layout_loops_cross
D:3:      layout_basic, uniq_terence, uniq_natasha, uniq_grinder
D:4:      nicolae_cairo_tiling_large_dashed, layout_basic,
          grunt_temple_overflow_cloverleaf
D:5:      layout_rooms, minmay_temple_entry_mini_moons, serial_shops,
          nicolae_shop_overgrown_old_shop
D:6:      layout_rooms, mainiacjoe_ossuary_entry_find_the_door,
          kennysheep_generic_room_3, uniq_duvessa
D:7:      layout_basic, mainiacjoe_overflow_alcove_3, uniq_joseph
D:8:      layout_layer_cave, vehumet_statue
D:9:      layout_loops_ring, grunt_qazlal_sundering, dpeg_oklobed_lair
D:10:     layout_rooms, uniq_gastronok
D:11:     layout_cave_pools, hiddenorc1_lemuel, serial_shops, shop, uniq_sonja,
          uniq_erolcha
D:12:     layout_loops_corners
D:13:     layout_small_grid, grunt_vaults_entry_tiered,
          ebering_ghost_funeral_grove, lightli_elemental_guards, uniq_josephine
D:14:     layout_loops_corners, nrook_pool_corridor, yredelemnul_altar_generic
D:15:     grunt_enter_depths_giant_problem, layout_loops_corners, serial_glass,
          glass_columns_a, glass_columns_a, glass_columns_b, glass_columns_a,
          glass_columns_a, glass_columns_c, glass_columns_b, glass_columns_a,
          due_unseen_surprise, minmay_strange_pillars, unseen_surprise_small,
          item_on_display_a, gammafunk_ghost_grave
Lair:1:   layout_roguey
Lair:2:   layout_loops_ring, elwin_shoals_entry_rocks, serial_forest,
          infiniplex_forest_lined_2, infiniplex_forest_clump_double,
          infiniplex_forest_clump_medium, infiniplex_forest_lined_3_way,
          infiniplex_forest_straight_4, infiniplex_forest_straight_5,
          infiniplex_forest_clump_tiny, infiniplex_forest_lined_2,
          wad_woods_road_01
Lair:3:   layout_gridlike, minmay_snake_entry_guardpost_medium,
          gammafunk_ghost_berserking_beasts, gauntlet_entry_generic
Lair:4:   layout_loops_ring, minivault_24, beast_lair_carwin_8
Lair:5:   evilmike_catoblepas_cave, layout_misc_corridors,
          minmay_slime_entry_pillars
Shoals:1: cheibrodos_shoals_three_sisters, layout_shoals
Shoals:2: layout_shoals
Shoals:3: layout_shoals
Shoals:4: shoals_end_hangedman, layout_shoals, nicolae_shoals_goliath_grotto
Snake:1:  layout_chambers, nicolae_shop_vocational, uniq_aizul, uniq_jorgrun
Snake:2:  layout_gridlike, nicolae_snake_coiling_death
Snake:3:  layout_rooms, nicolae_snake_storage_room, uniq_vashnia
Snake:4:  johnstein_snake_rune_scales, layout_onion_interference, serial_shops,
          nicolae_shop_hallway_plus, grunt_ministairs_7
Orc:1:    layout_caves, basic_altar, serial_shops, shop
Orc:2:    st_orc_elflike, layout_caves, special_room,
          nicolae_shop_overcharged_wands
Elf:1:    nicolae_elf_arrival_no_cutting_in_line, layout_gridlike, serial_shops,
          statue_bzr, nicolae_elf_crossing_hall, hex_medium, minmay_shoptagon
Elf:2:    elven_hall_of_blades_hangedman_original
          [nicolae_blade_entry_area_security], layout_gridlike, uniq_roxanne,
          uniq_donald
Elf:3:    minmay_elf_hall_spiked, layout_geoelf_castle, nicolae_shop_self_help
Vaults:1: nicolae_vaults_stairing_the_circle, nicolae_vaults_more_shelving_2,
          nicolae_vaults_network_s, ontoclasm_vaults_twist,
          nicolae_vaults_apartment_1, v_misc_24, nicolae_vaults_octothorpe,
          grunt_vaults_hallway_short, hangedman_vaults_cutoff,
          vaults_room_fours, layout_vaults_omnigrid
Vaults:2: v_alt_pattern_2, grunt_vaults_diagonal, cheibrodos_frozen_isle,
          minmay_crypt_entry_simple_plaza, nicolae_vaults_little_squares_5,
          v_misc_13, nicolae_vaults_network_square,
          nicolae_vaults_sesquioval_fish, nicolae_vaults_rhombus_6,
          ontoclasm_vaults_eye, v_misc_19, nicolae_vaults_specimen_jars,
          layout_vaults_chaotic_city, enter_trove_5, uniq_saint_roka,
          uniq_margery
Vaults:3: vaults_room_ringed_pool, v_alt_pattern_3, vaults_room_fours,
          ontoclasm_vaults_pinch, vaults_standard_mumra_enter_the_diamond,
          grunt_vaults_trifunnel, serial_library_hellmonk_reading_circle,
          nicolae_vaults_network_periphery, nicolae_vaults_hexular_roomagon,
          nicolae_vaults_rhombus_6, ontoclasm_vaults_shuriken,
          nicolae_vaults_theta, nicolae_vaults_storage_room_doors,
          nicolae_vaults_yaktaur_gun_rack, v_misc_23, vaults_room_pools,
          layout_vaults_omnicross, serial_shops, shop
Vaults:4: v_misc_27, nicolae_vaults_closet_pinwheel_3, grunt_vaults_funnel,
          nicolae_vaults_network_quinsquares
          [nicolae_vaults_network_quincunx_subvault,
          nicolae_vaults_network_quincunx_subvault,
          nicolae_vaults_network_quincunx_subvault,
          nicolae_vaults_network_quincunx_subvault], hangedman_vaults_stream,
          nicolae_vaults_wine_cellar, nicolae_vaults_off_center_swirl,
          nicolae_vaults_big_angled_halls, vaults_dpeg_encased_lava,
          vaults_dpeg_diagonal, nicolae_vaults_cochlea, vaults_mumra_lcd,
          v_misc_13, layout_vaults_ring, serial_shops, bzr_in_the_mist
Vaults:5
Crypt:1:  layout_regular_city, lemuel_statue_altar, minivault_5,
          nicolae_crypt_skeletal_stairs, uniq_sojobo
Crypt:2:  tekkud_devil_daggers, layout_basic
Crypt:3:  lightli_unholy_cathedral, layout_chaotic_city,
          nicolae_tomb_entry_unfolded_pyramid_orthogonal,
          ebering_dispersal_statue_hall, lemuel_mausoleum_altar_kikubaaqudgha,
          uniq_vv, uniq_jory
Tomb:1
Depths:1: minmay_curly_fans, layout_basic, nicolae_the_louvre, abyss_entry,
          hell_entry, drop_trap, minmay_fractal_squares_diagonal_5,
          grunt_megastairs_5
Depths:2: minmay_ambush_box, layout_cross, enter_ziggurat_b,
          minmay_room_of_horrors, minmay_misc_feat_secret_circle,
          pf_coc_iceberg, grunt_pan_entry_spiral, grunt_tower_of_power,
          infiniplex_staircase_pool_2
Depths:3: minmay_bloctagon, layout_twisted_cross, rand_demon_pan_entry_8,
          hangedman_abyss_entry_splay, hell_entry, minmay_staircase_bubble,
          minmay_shop_grove
Depths:4: grunt_zot_entry_bicorn, layout_basic, serial_sigils_hangedman_stare,
          hellmouth_1, grunt_dithmenos_smoke_and_mirrors, uniq_josephina
Hell
Coc:1:    layout_ice_bergs, nicolae_coc_melting_block
Zot:1:    layout_misc_corridors, bh_zot_lava_cross,
          regret_index_zotdec_stipple_waver
Zot:2:    gammafunk_sealed_arena, layout_cellular_growth,
          regret_index_zotdec_banners
Zot:3:    gammafunk_its_a_trap, layout_gridlike,
          regret_index_zotdec_decaying_basic
Zot:4:    layout_gridlike, hangedman_zot_decor_scrapings, grunt_megastairs_1
Zot:5:    layout_basic, grunt_ministairs_13

Skill      XL: |  1  2  3  4  5  6  7  8  9 10 11 12 13 14 15 16 17 18 19 20 21 22 23 24 25 26 27 |
---------------+----------------------------------------------------------------------------------+-----
Summonings     | 5 6 7 9 10 11 12 13 14 15 16 18 19 20 21 | 21.4
Fire Magic     | 1 2 3 4 |  4.9
Air Magic      | 1 2 3 4 |  4.9
Spellcasting   | 3 4 5 6 8 10 11 13 14 15 16 17 18 19 20 21 | 21.7
Invocations    | 2 13 | 13.7
Conjurations   | 1 6 10 11 12 13 | 13.4
Fighting       | 1 5 7 8 10 12 13 15 16 17 18 19 20 21 22 | 22.0
Shields        | 5 |  5.0
Earth Magic    | 3 4 |  4.8
Dodging        | 6 9 10 12 14 16 17 19 20 | 20.6
Evocations     | 3 5 6 10 12 14 15 | 15.8
Ice Magic      | 1 5 |  5.0
Necromancy     | 5 8 10 11 12 13 15 | 15.4
Stealth        | |  2.0

Action                     |  1- 3 |  4- 6 |  7- 9 | 10-12 | 13-15 | 16-18 | 19-21 | 22-24 | 25-27 || total
---------------------------+-------+-------+-------+-------+-------+-------+-------+-------+-------++-------
  Melee: Dagger            |    12 |    15 |   135 |   177 |   107 |    86 |   111 |   113 |       ||   756
         Morningstar       |       |       |       |       |       |       |       |    43 |    19 ||    62
         Knife             |       |       |       |       |       |       |       |    67 |   118 ||   185
  Throw: Boomerang         |       |       |     1 |       |       |       |       |       |       ||     1
   Cast: Summon Small Mamm |    38 |    17 |    11 |    11 |       |       |       |       |       ||    77
         Call Imp          |    22 |    16 |    39 |    49 |    28 |    30 |     3 |       |       ||   187
         Call Canine Famil |     3 |    12 |    31 |    66 |    69 |    60 |     6 |       |       ||   247
         Summon Lightning  |       |       |     4 |    43 |    67 |   134 |   115 |    77 |    61 ||   501
         Summon Blazeheart |       |       |       |    28 |    56 |    12 |    20 |       |       ||   116
         Magic Dart        |       |       |       |    40 |   291 |   174 |   128 |    21 |     3 ||   657
         Iskenderun's Batt |       |       |       |    11 |    48 |    32 |    23 |     1 |       ||   115
         Mephitic Cloud    |       |       |       |     3 |    42 |     1 |     8 |       |       ||    54
         Airstrike         |       |       |       |       |    49 |    90 |     5 |       |       ||   144
         Spellforged Servi |       |       |       |       |    24 |   142 |   127 |   183 |   162 ||   638
         Bombard           |       |       |       |       |       |    24 |    69 |    67 |    24 ||   184
         Ozocubu's Armour  |       |       |       |       |       |    16 |    16 |     9 |     4 ||    45
         Summon Hydra      |       |       |       |       |       |       |    53 |    15 |     6 ||    74
         Martyr's Knell    |       |       |       |       |       |       |    15 |    16 |    19 ||    50
         Summon Mana Viper |       |       |       |       |       |       |    11 |    40 |    22 ||    73
         Borgnjor's Vile C |       |       |       |       |       |       |    10 |   105 |    75 ||   190
         Animate Dead      |       |       |       |       |       |       |     6 |     2 |       ||     8
         Haunt             |       |       |       |       |       |       |       |    33 |    77 ||   110
         Summon Horrible T |       |       |       |       |       |       |       |    67 |   120 ||   187
         Death Channel     |       |       |       |       |       |       |       |       |    29 ||    29
 Invoke: Draw Destruction  |       |       |       |     3 |    18 |     3 |    10 |     2 |    13 ||    49
         Triple Draw       |       |       |       |     1 |       |       |       |       |     2 ||     3
         Draw Summoning    |       |       |       |     2 |     9 |     8 |     6 |     3 |    12 ||    40
         Deal Four         |       |       |       |     1 |     1 |     4 |     4 |     7 |     1 ||    18
         Stack Five        |       |       |       |       |     1 |       |     1 |     1 |       ||     3
         Draw Escape       |       |       |       |       |       |       |     3 |     1 |     2 ||     6
         Draw Stack        |       |       |       |       |       |       |       |     3 |     4 ||     7
Ability: Evoke Blink       |       |       |       |       |       |     1 |     6 |     5 |     6 ||    18
  Evoke: Wand              |       |       |       |    10 |     9 |     3 |     3 |     5 |     8 ||    38
         Lightning rod     |       |       |       |       |       |     1 |     3 |     7 |     4 ||    15
         Phantom mirror    |       |       |       |       |       |       |     3 |     2 |     2 ||     7
         Condenser vane    |       |       |       |       |       |       |     1 |     2 |     2 ||     5
         Horn of Geryon    |       |       |       |       |       |       |       |       |     2 ||     2
    Use: Scroll            |       |     7 |     6 |    13 |     8 |     9 |     9 |    16 |    12 ||    80
         Potion            |       |     1 |     1 |     4 |     2 |     5 |     8 |     7 |    20 ||    48
   Stab: Sleeping          |       |     1 |       |       |       |       |       |       |       ||     1
         Distracted        |       |       |     1 |     7 |     4 |     2 |     2 |     9 |    19 ||    44
         Confused          |       |       |       |       |     3 |       |     1 |       |       ||     4
         Petrified         |       |       |       |       |       |       |       |     4 |       ||     4
 Armour: Robe              |     7 |    13 |    94 |   269 |   262 |   370 |   331 |   403 |   388 ||  2137
  Dodge: Dodged            |    13 |    11 |    88 |   210 |   179 |   192 |   244 |   442 |   549 ||  1928
  Block: Buckler           |       |       |       |       |     9 |    77 |    69 |   195 |   147 ||   497

Table legend: (Time is in decaauts)
 A = Elapsed time spent in this place.
 B = Non-inter-level travel time spent in this place.
 C = Inter-level travel time spent in this place.
 D = Time resting spent in this place.
 E = Time spent auto-exploring this place.
 F = Levels seen in this place.
 G = Mean time per level.
                   A        B        C        D        E       F      G
               +--------+--------+--------+--------+--------+-----+--------+
         Total | 105482 |  98485 |   6997 |  30292 |  43655 |  61 | 1729.2 |
       Dungeon |  21082 |  18575 |   2507 |   2973 |  11690 |  15 | 1405.5 |
          Lair |   8020 |   7337 |    683 |   1892 |   3643 |   5 | 1604.0 |
        Shoals |   8014 |   7796 |    218 |   2898 |   2976 |   4 | 2003.5 |
     Snake Pit |  11690 |  11278 |    412 |   6010 |   3270 |   4 | 2922.5 |
  Orcish Mines |   1855 |   1692 |    163 |    333 |   1048 |   2 |  927.5 |
   Elven Halls |   6242 |   5906 |    336 |   1608 |   2625 |   3 | 2080.7 |
        Vaults |  15130 |  13966 |   1164 |   3185 |   6554 |   5 | 3026.0 |
         Crypt |   9106 |   8581 |    525 |   2886 |   3651 |   3 | 3035.3 |
          Tomb |     16 |     16 |      0 |      0 |      0 |   1 |   16.0 |
        Depths |   9735 |   9254 |    481 |   3639 |   3386 |   4 | 2433.8 |
          Hell |    584 |    584 |      0 |    237 |      0 |   1 |  584.0 |
       Cocytus |      1 |      1 |      0 |      0 |      0 |   1 |    1.0 |
           Zot |  11922 |  11419 |    503 |   3744 |   4427 |   5 | 2384.4 |
      Ziggurat |    696 |    696 |      0 |    523 |      0 |   4 |  174.0 |
        Bazaar |    136 |    136 |      0 |      0 |     49 |   2 |   68.0 |
       Ossuary |    311 |    311 |      0 |      0 |     31 |   1 |  311.0 |
      Gauntlet |    932 |    932 |      0 |    363 |    304 |   1 |  932.0 |
               +--------+--------+--------+--------+--------+-----+--------+

Top non-repeatable levels by time:
Shoals:4: 4219 daAuts
   Zot:5: 4194 daAuts
 Crypt:3: 4152 daAuts
 Snake:2: 4150 daAuts
Vaults:2: 3654 daAuts
Vaults:5: 3580 daAuts
Vaults:3: 2991 daAuts
Vaults:1: 2883 daAuts
 Snake:3: 2754 daAuts
Depths:4: 2746 daAuts
   Elf:3: 2728 daAuts
Depths:1: 2726 daAuts
Depths:2: 2528 daAuts
 Crypt:2: 2511 daAuts
 Snake:4: 2504 daAuts
